[ AOE2 MATCH · #462024925 ]
Team RMWei vs Teutons
[ REPLAY ANALYSIS · EXTRACTED FROM THE RECORDED GAME ]
Feudal
12:08
Castle
23:25
Imperial
33:04
| APM avg | 21.7 |
| APM peak | 41 |
| eAPM avg | 12.9 |
| Villagers / military | 97 / 277 |
Focus
⚔️ 23.5% · 🌾 76.5%
Scout Cavalry ×180 · Scorpion ×95 · Trade Cart ×10 · Unknown (1942) ×8 · Fishing Ship ×7 · Monk ×2
Feudal
13:29
Castle
22:32
Imperial
33:24
| APM avg | 15.7 |
| APM peak | 63 |
| eAPM avg | 12.0 |
| Villagers / military | 95 / 129 |
Focus
⚔️ 31.8% · 🌾 68.2%
Skirmisher ×51 · Teutonic Knight ×36 · Mangonel ×21 · Trade Cart ×13 · Bombard Cannon ×8 · Archer ×5
Feudal
14:12
Castle
24:38
Imperial
37:42
| APM avg | 12.8 |
| APM peak | 22 |
| eAPM avg | 10.4 |
| Villagers / military | 114 / 146 |
Focus
⚔️ 25.1% · 🌾 74.9%
Camel Scout ×109 · Hand Cannoneer ×28 · Fishing Ship ×16 · Trade Cart ×11 · Bombard Cannon ×7 · Monk ×2
Feudal
15:56
Castle
27:19
Imperial
38:41
| APM avg | 10.9 |
| APM peak | 26 |
| eAPM avg | 7.0 |
| Villagers / military | 57 / 122 |
Focus
⚔️ 44.1% · 🌾 55.9%
Cavalry Archer ×45 · Camel Scout ×30 · Trade Cart ×27 · Cataphract ×21 · Skirmisher ×13 · Mangonel ×9
Feudal
13:52
Castle
22:47
Imperial
47:03
| APM avg | 15.9 |
| APM peak | 69 |
| eAPM avg | 13.5 |
| Villagers / military | 131 / 221 |
Focus
⚔️ 42.8% · 🌾 57.2%
Genoese Crossbowman ×55 · Knight ×54 · Cavalry Archer ×33 · Unknown (882) ×32 · Mangonel ×31 · Scorpion ×15
Feudal
12:10
Castle
22:29
Imperial
36:20
| APM avg | 15.1 |
| APM peak | 44 |
| eAPM avg | 11.9 |
| Villagers / military | 90 / 168 |
Focus
⚔️ 45.6% · 🌾 54.4%
Mangudai ×97 · Militia ×50 · Battering Ram ×16 · Trade Cart ×5 · Fishing Ship ×5 · Demolition Raft ×4
Match map
Initial resources + every placement click. Lines = walls · curves = elevation contours. ◆ gold · ⬟ stone · ● berries · ✦ relic · ◌ wall gap
Inputs per minute
— Happy New Year来自中国祝福 - - cartofel22
Build order — Happy New Year来自中国祝福
First 150 of 369 actions detected
| 0:05 | Create | Villager (Male) |
| 0:05 | Create | Villager (Male) |
| 0:05 | Research | Loom |
| 0:12 | Build | House |
| 0:13 | Build | House |
| 0:14 | Build | House |
| 0:16 | Build | House |
| 1:21 | Create | Villager (Male) |
| 1:21 | Create | Villager (Male) |
| 1:50 | Create | Villager (Male) |
| 2:19 | Build | Palisade Wall |
| 2:31 | Create | Villager (Male) |
| 2:31 | Create | Villager (Male) |
| 2:32 | Create | Villager (Male) |
| 2:55 | Create | Villager (Male) |
| 2:55 | Create | Villager (Male) |
| 2:55 | Create | Villager (Male) |
| 3:48 | Create | Villager (Male) |
| 3:48 | Create | Villager (Male) |
| 4:23 | Build | Palisade Wall |
| 4:53 | Create | Villager (Male) |
| 5:11 | Build | Lumber Camp |
| 5:14 | Create | Villager (Male) |
| 5:15 | Create | Villager (Male) |
| 5:53 | Create | Villager (Male) |
| 5:54 | Create | Villager (Male) |
| 5:54 | Create | Villager (Male) |
| 6:30 | Create | Villager (Male) |
| 6:30 | Create | Villager (Male) |
| 7:10 | Build | Mill |
| 7:53 | Create | Villager (Male) |
| 7:55 | Create | Villager (Male) |
| 8:33 | Create | Villager (Male) |
| 9:10 | Build | Lumber Camp |
| 9:58 | Research | Feudal Age |
| 11:27 | Create | Villager (Male) |
| 11:27 | Create | Villager (Male) |
| 11:37 | Build | Mining Camp |
| 11:48 | Build | Mining Camp |
| 12:05 | Build | House |
| 12:08 | Age | Feudal Age |
| 12:09 | Create | Villager (Male) |
| 12:09 | Create | Villager (Male) |
| 12:23 | Research | Double-Bit Axe |
| 12:49 | Build | Barracks |
| 12:56 | Build | House |
| 12:58 | Build | House |
| 12:59 | Build | House |
| 13:01 | Create | Villager (Male) |
| 13:02 | Create | Villager (Male) |
| 13:06 | Research | Stone Mining |
| 13:08 | Research | Gold Mining |
| 13:31 | Create | Villager (Male) |
| 13:31 | Create | Villager (Male) |
| 13:44 | Create | Villager (Male) |
| 13:44 | Create | Villager (Male) |
| 14:15 | Build | Archery Range |
| 14:21 | Create | Villager (Male) |
| 14:50 | Research | Horse Collar |
| 15:08 | Build | Farm |
| 15:19 | Build | Stable |
| 15:32 | Build | Farm |
| 15:38 | Build | Farm |
| 15:49 | Build | House |
| 15:50 | Build | House |
| 15:52 | Build | House |
| 15:53 | Build | House |
| 15:54 | Build | House |
| 15:56 | Build | House |
| 16:16 | Build | Farm |
| 16:19 | Create | Villager (Male) |
| 16:19 | Create | Villager (Male) |
| 16:24 | Build | Farm |
| 16:32 | Build | Blacksmith |
| 16:52 | Build | Farm |
| 16:56 | Create | Villager (Male) |
| 17:10 | Create | Villager (Male) |
| 17:16 | Build | Farm |
| 17:30 | Create | Villager (Male) |
| 17:41 | Build | Farm |
| 18:07 | Build | Farm |
| 18:23 | Build | Farm |
| 18:25 | Build | Farm |
| 18:27 | Build | Farm |
| 18:28 | Build | Farm |
| 18:29 | Build | Farm |
| 18:31 | Build | Farm |
| 18:43 | Build | Farm |
| 18:47 | Research | Wheelbarrow |
| 18:48 | Research | Town Watch |
| 18:52 | Create | Villager (Male) |
| 19:04 | Build | House |
| 19:06 | Build | House |
| 19:08 | Build | House |
| 19:09 | Build | House |
| 19:10 | Build | House |
| 19:12 | Build | House |
| 19:14 | Build | House |
| 19:43 | Build | Dock |
| 20:11 | Build | Farm |
| 20:35 | Build | Farm |
| 20:45 | Research | Castle Age |
| 20:50 | Create | Fishing Ship |
| 20:50 | Create | Fishing Ship |
| 20:54 | Research | Tech 906 |
| 20:55 | Create | Fishing Ship |
| 20:56 | Create | Fishing Ship |
| 20:57 | Create | Fishing Ship |
| 20:58 | Create | Fishing Ship |
| 21:38 | Create | Fishing Ship |
| 22:36 | Build | Market |
| 22:47 | Build | Farm |
| 22:52 | Create | Villager (Male) |
| 22:52 | Create | Villager (Male) |
| 22:53 | Create | Villager (Male) |
| 23:03 | Create | Villager (Male) |
| 23:25 | Age | Castle Age |
| 23:31 | Build | Town Center |
| 23:43 | Build | Town Center |
| 23:50 | Research | Heavy Plow |
| 23:52 | Research | Gold Shaft Mining |
| 23:55 | Research | Stone Shaft Mining |
| 24:00 | Create | Villager (Male) |
| 24:03 | Research | Gillnets |
| 24:16 | Build | Monastery |
| 24:56 | Build | Castle |
| 25:00 | Create | Villager (Male) |
| 25:00 | Create | Villager (Male) |
| 25:08 | Create | Monk |
| 25:24 | Build | House |
| 25:37 | Build | Siege Workshop |
| 25:41 | Create | Villager (Male) |
| 25:41 | Create | Villager (Male) |
| 25:42 | Create | Villager (Male) |
| 25:42 | Create | Villager (Male) |
| 25:42 | Create | Villager (Male) |
| 25:47 | Create | Villager (Male) |
| 25:49 | Create | Villager (Male) |
| 25:50 | Create | Villager (Male) |
| 25:50 | Create | Villager (Male) |
| 25:50 | Create | Villager (Male) |
| 26:04 | Create | Monk |
| 26:21 | Build | Town Center |
| 26:33 | Build | Siege Workshop |
| 26:35 | Build | Siege Workshop |
| 26:37 | Build | Siege Workshop |
| 27:02 | Build | Farm |
| 27:06 | Create | Villager (Male) |
| 27:06 | Create | Villager (Male) |
| 27:06 | Create | Villager (Male) |
Build order — cartofel22
First 150 of 441 actions detected
| 0:02 | Research | Loom |
| 0:02 | Create | Villager (Male) |
| 0:02 | Create | Villager (Male) |
| 0:02 | Create | Villager (Male) |
| 0:03 | Create | Villager (Male) |
| 0:05 | Build | House |
| 0:06 | Build | House |
| 1:36 | Build | Palisade Wall |
| 1:41 | Build | Palisade Gate |
| 2:25 | Create | Villager (Male) |
| 3:16 | Create | Villager (Male) |
| 3:35 | Create | Villager (Male) |
| 4:08 | Create | Villager (Male) |
| 4:46 | Build | Mill |
| 5:01 | Create | Villager (Male) |
| 5:06 | Create | Villager (Male) |
| 5:32 | Build | House |
| 5:56 | Create | Villager (Male) |
| 6:06 | Create | Villager (Male) |
| 6:33 | Create | Villager (Male) |
| 6:52 | Create | Villager (Male) |
| 7:29 | Build | Lumber Camp |
| 7:35 | Create | Villager (Male) |
| 8:11 | Create | Villager (Male) |
| 8:11 | Create | Villager (Male) |
| 8:33 | Build | House |
| 8:40 | Build | House |
| 8:42 | Build | House |
| 8:49 | Build | Mining Camp |
| 8:54 | Create | Villager (Male) |
| 9:15 | Create | Villager (Male) |
| 10:15 | Build | Barracks |
| 10:24 | Build | Mining Camp |
| 11:19 | Research | Feudal Age |
| 11:44 | Create | Villager (Male) |
| 12:07 | Build | Dock |
| 12:14 | Create | Villager (Male) |
| 13:25 | Create | Fishing Ship |
| 13:29 | Age | Feudal Age |
| 14:09 | Build | Stone Wall |
| 14:13 | Build | Building 487 |
| 14:18 | Build | Outpost |
| 14:22 | Build | Outpost |
| 14:26 | Create | Villager (Male) |
| 14:33 | Build | Market |
| 14:49 | Build | Mill |
| 14:57 | Create | Villager (Male) |
| 14:58 | Create | Villager (Male) |
| 14:58 | Create | Villager (Male) |
| 15:36 | Create | Villager (Male) |
| 15:56 | Create | Fishing Ship |
| 16:08 | Create | Villager (Male) |
| 16:47 | Build | Blacksmith |
| 16:57 | Build | Lumber Camp |
| 17:00 | Create | Villager (Male) |
| 17:12 | Create | Villager (Male) |
| 17:31 | Build | House |
| 17:33 | Build | House |
| 17:42 | Build | Mill |
| 18:43 | Build | House |
| 18:45 | Build | House |
| 18:46 | Build | House |
| 19:52 | Research | Castle Age |
| 19:55 | Research | Horse Collar |
| 20:02 | Research | Double-Bit Axe |
| 20:28 | Build | House |
| 20:31 | Build | House |
| 20:48 | Build | Farm |
| 20:49 | Build | Farm |
| 20:51 | Build | Farm |
| 20:52 | Build | Farm |
| 20:54 | Build | Farm |
| 20:56 | Build | Farm |
| 21:02 | Research | Stone Mining |
| 21:06 | Create | Villager (Male) |
| 21:07 | Create | Villager (Male) |
| 21:18 | Build | House |
| 21:19 | Build | House |
| 21:22 | Build | House |
| 21:25 | Build | House |
| 21:54 | Research | Tech 906 |
| 22:02 | Create | Fishing Ship |
| 22:19 | Build | House |
| 22:21 | Build | House |
| 22:32 | Age | Castle Age |
| 22:58 | Create | Villager (Male) |
| 23:10 | Build | Town Center |
| 23:35 | Build | Town Center |
| 23:50 | Build | Fish Trap |
| 24:04 | Create | Villager (Male) |
| 24:04 | Create | Villager (Male) |
| 24:05 | Create | Villager (Male) |
| 24:06 | Create | Villager (Male) |
| 24:17 | Build | Farm |
| 24:19 | Build | Farm |
| 24:20 | Build | Farm |
| 24:23 | Build | Farm |
| 24:28 | Build | House |
| 24:30 | Build | House |
| 24:31 | Build | House |
| 24:33 | Build | House |
| 24:35 | Build | House |
| 24:37 | Build | House |
| 24:38 | Build | House |
| 24:51 | Research | Caravan |
| 24:52 | Research | Coinage |
| 24:53 | Create | Trade Cart |
| 24:53 | Create | Trade Cart |
| 24:59 | Create | Villager (Male) |
| 24:59 | Create | Villager (Male) |
| 25:06 | Build | Farm |
| 25:35 | Build | Monastery |
| 25:42 | Build | University |
| 25:52 | Build | Farm |
| 26:06 | Create | Villager (Male) |
| 26:06 | Create | Villager (Male) |
| 26:07 | Create | Villager (Male) |
| 26:07 | Create | Villager (Male) |
| 26:45 | Build | Castle |
| 26:50 | Build | Siege Workshop |
| 26:56 | Build | Archery Range |
| 27:01 | Build | Farm |
| 27:06 | Build | Farm |
| 27:08 | Create | Monk |
| 27:21 | Create | Villager (Male) |
| 27:21 | Create | Villager (Male) |
| 27:22 | Create | Villager (Male) |
| 27:24 | Create | Villager (Male) |
| 27:25 | Create | Villager (Male) |
| 27:31 | Create | Trade Cart |
| 27:52 | Build | Mining Camp |
| 28:07 | Build | Farm |
| 28:09 | Create | Villager (Male) |
| 28:10 | Create | Villager (Male) |
| 28:18 | Build | Farm |
| 28:22 | Build | Farm |
| 28:27 | Build | Farm |
| 29:11 | Build | Fish Trap |
| 29:15 | Build | Fish Trap |
| 30:14 | Research | Imperial Age |
| 30:23 | Create | Villager (Male) |
| 30:23 | Create | Villager (Male) |
| 30:39 | Build | Barracks |
| 30:43 | Build | Stable |
| 30:48 | Create | Villager (Male) |
| 30:49 | Create | Villager (Male) |
| 30:49 | Create | Villager (Male) |
| 30:50 | Create | Villager (Male) |
| 31:04 | Research | Heavy Plow |
| 31:20 | Build | House |
Build order — МТЗ-80
First 150 of 407 actions detected
| 0:07 | Build | House |
| 0:09 | Build | House |
| 0:43 | Create | Villager (Male) |
| 0:43 | Create | Villager (Male) |
| 0:43 | Create | Villager (Male) |
| 0:43 | Create | Villager (Male) |
| 0:44 | Create | Villager (Male) |
| 2:14 | Create | Villager (Male) |
| 2:14 | Create | Villager (Male) |
| 2:14 | Create | Villager (Male) |
| 2:58 | Create | Villager (Male) |
| 2:58 | Create | Villager (Male) |
| 2:58 | Create | Villager (Male) |
| 3:29 | Create | Villager (Male) |
| 3:29 | Create | Villager (Male) |
| 3:48 | Build | Lumber Camp |
| 4:34 | Build | House |
| 4:48 | Research | Loom |
| 5:02 | Create | Villager (Male) |
| 6:17 | Build | Palisade Wall |
| 6:24 | Create | Villager (Male) |
| 6:24 | Create | Villager (Male) |
| 6:24 | Create | Villager (Male) |
| 6:25 | Create | Villager (Male) |
| 7:16 | Build | House |
| 7:21 | Build | House |
| 7:24 | Create | Villager (Male) |
| 7:25 | Create | Villager (Male) |
| 7:25 | Create | Villager (Male) |
| 7:35 | Build | Dock |
| 7:48 | Create | Villager (Male) |
| 7:48 | Create | Villager (Male) |
| 8:36 | Build | Mill |
| 8:41 | Create | Villager (Male) |
| 8:50 | Build | House |
| 8:54 | Build | Mining Camp |
| 10:32 | Create | Villager (Male) |
| 10:32 | Create | Villager (Male) |
| 10:44 | Create | Fishing Ship |
| 10:48 | Create | Fishing Ship |
| 11:10 | Create | Villager (Male) |
| 11:11 | Create | Villager (Male) |
| 11:11 | Create | Villager (Male) |
| 12:02 | Research | Feudal Age |
| 13:47 | Create | Villager (Male) |
| 13:47 | Create | Villager (Male) |
| 14:12 | Age | Feudal Age |
| 14:15 | Research | Double-Bit Axe |
| 14:18 | Build | Fish Trap |
| 14:22 | Create | Fishing Ship |
| 14:22 | Create | Fishing Ship |
| 14:30 | Research | Tech 906 |
| 15:03 | Create | Villager (Male) |
| 15:03 | Create | Villager (Male) |
| 15:09 | Build | Mining Camp |
| 15:12 | Build | Fish Trap |
| 15:49 | Build | Mill |
| 16:01 | Build | Mill |
| 16:06 | Build | Fish Trap |
| 16:11 | Create | Villager (Male) |
| 16:11 | Create | Villager (Male) |
| 16:36 | Build | House |
| 16:37 | Build | House |
| 16:40 | Build | House |
| 16:50 | Create | Villager (Male) |
| 16:54 | Create | Fishing Ship |
| 16:54 | Create | Fishing Ship |
| 17:13 | Build | Mining Camp |
| 17:35 | Build | Market |
| 17:58 | Build | Blacksmith |
| 18:26 | Build | Fish Trap |
| 18:32 | Build | Fish Trap |
| 18:40 | Create | Fishing Ship |
| 18:40 | Create | Fishing Ship |
| 19:19 | Create | Villager (Male) |
| 19:19 | Create | Villager (Male) |
| 19:49 | Build | Barracks |
| 20:06 | Build | Fish Trap |
| 20:08 | Build | Fish Trap |
| 20:13 | Create | Fishing Ship |
| 20:36 | Create | Villager (Male) |
| 20:47 | Build | Stable |
| 21:12 | Build | Dock |
| 21:30 | Build | Lumber Camp |
| 21:36 | Build | Farm |
| 21:37 | Build | Farm |
| 21:38 | Build | Farm |
| 21:40 | Build | Farm |
| 21:42 | Build | Farm |
| 21:44 | Build | Farm |
| 21:50 | Research | Horse Collar |
| 21:54 | Create | Villager (Male) |
| 21:57 | Research | Castle Age |
| 22:11 | Build | Fish Trap |
| 22:16 | Build | House |
| 22:26 | Build | House |
| 22:29 | Build | House |
| 22:30 | Build | House |
| 22:31 | Build | House |
| 22:32 | Build | House |
| 22:43 | Create | Villager (Male) |
| 22:44 | Create | Villager (Male) |
| 22:47 | Research | Stone Mining |
| 22:50 | Research | Gold Mining |
| 23:02 | Build | Market |
| 23:48 | Create | Fishing Ship |
| 23:49 | Create | Fishing Ship |
| 23:53 | Create | Fishing Ship |
| 23:53 | Create | Fishing Ship |
| 23:56 | Build | House |
| 23:57 | Build | House |
| 23:59 | Build | House |
| 24:00 | Build | House |
| 24:01 | Build | House |
| 24:03 | Build | House |
| 24:05 | Build | House |
| 24:06 | Build | House |
| 24:08 | Build | House |
| 24:09 | Build | House |
| 24:13 | Build | House |
| 24:14 | Build | House |
| 24:15 | Build | House |
| 24:16 | Build | House |
| 24:18 | Build | House |
| 24:38 | Age | Castle Age |
| 24:40 | Build | Monastery |
| 24:51 | Build | Town Center |
| 25:01 | Build | Town Center |
| 25:05 | Create | Villager (Male) |
| 25:05 | Create | Villager (Male) |
| 25:18 | Build | Town Center |
| 25:22 | Create | Monk |
| 25:23 | Create | Monk |
| 25:29 | Build | Fish Trap |
| 25:37 | Build | Fish Trap |
| 25:47 | Create | Villager (Male) |
| 25:47 | Create | Villager (Male) |
| 25:59 | Create | Villager (Male) |
| 26:00 | Create | Villager (Male) |
| 26:00 | Create | Villager (Male) |
| 26:00 | Create | Villager (Male) |
| 26:11 | Build | Mill |
| 26:17 | Create | Villager (Male) |
| 26:18 | Create | Villager (Male) |
| 26:20 | Create | Villager (Male) |
| 26:20 | Create | Villager (Male) |
| 26:20 | Create | Villager (Male) |
| 26:54 | Create | Villager (Male) |
| 26:56 | Create | Villager (Male) |
| 27:17 | Build | Archery Range |
Build order — Vili-Pekka
First 150 of 305 actions detected
| 0:33 | Build | House |
| 0:35 | Build | House |
| 0:36 | Build | House |
| 1:21 | Create | Villager (Male) |
| 1:22 | Create | Villager (Male) |
| 1:22 | Create | Villager (Male) |
| 1:22 | Create | Villager (Male) |
| 2:34 | Build | Palisade Wall |
| 2:54 | Build | Mill |
| 2:59 | Create | Villager (Male) |
| 3:51 | Create | Villager (Male) |
| 4:16 | Build | Palisade Wall |
| 4:44 | Create | Villager (Male) |
| 5:14 | Build | Palisade Wall |
| 5:40 | Create | Villager (Male) |
| 5:40 | Create | Villager (Male) |
| 6:42 | Create | Villager (Male) |
| 6:42 | Create | Villager (Male) |
| 6:52 | Build | House |
| 8:11 | Create | Villager (Male) |
| 8:11 | Create | Villager (Male) |
| 8:12 | Create | Villager (Male) |
| 8:31 | Create | Villager (Male) |
| 9:39 | Build | Lumber Camp |
| 10:26 | Create | Villager (Male) |
| 10:27 | Create | Villager (Male) |
| 10:27 | Create | Villager (Male) |
| 10:27 | Create | Villager (Male) |
| 10:28 | Create | Villager (Male) |
| 10:28 | Create | Villager (Male) |
| 10:28 | Create | Villager (Male) |
| 10:49 | Build | House |
| 10:55 | Build | House |
| 11:18 | Create | Villager (Male) |
| 11:18 | Create | Villager (Male) |
| 11:41 | Create | Villager (Male) |
| 11:41 | Create | Villager (Male) |
| 12:18 | Build | Mining Camp |
| 13:17 | Build | Farm |
| 13:26 | Build | Farm |
| 13:46 | Research | Feudal Age |
| 14:00 | Build | Farm |
| 14:04 | Build | Farm |
| 15:46 | Build | Farm |
| 15:56 | Age | Feudal Age |
| 16:07 | Build | Building 487 |
| 16:20 | Create | Villager (Male) |
| 16:20 | Create | Villager (Male) |
| 16:20 | Create | Villager (Male) |
| 16:21 | Create | Villager (Male) |
| 16:21 | Create | Villager (Male) |
| 16:56 | Build | Farm |
| 17:22 | Build | Farm |
| 17:25 | Research | Horse Collar |
| 17:29 | Create | Villager (Male) |
| 17:29 | Create | Villager (Male) |
| 17:29 | Create | Villager (Male) |
| 17:30 | Create | Villager (Male) |
| 17:30 | Create | Villager (Male) |
| 17:42 | Build | Stone Wall |
| 18:09 | Build | Farm |
| 18:19 | Research | Double-Bit Axe |
| 18:26 | Build | Farm |
| 18:33 | Build | Farm |
| 18:38 | Create | Villager (Male) |
| 18:44 | Create | Villager (Male) |
| 20:05 | Create | Villager (Male) |
| 20:05 | Create | Villager (Male) |
| 20:06 | Create | Villager (Male) |
| 20:06 | Create | Villager (Male) |
| 20:15 | Build | House |
| 20:40 | Build | Market |
| 20:49 | Build | Blacksmith |
| 21:19 | Build | Barracks |
| 21:33 | Build | House |
| 21:37 | Build | House |
| 21:39 | Build | House |
| 21:48 | Build | Farm |
| 21:54 | Create | Trade Cart |
| 21:54 | Create | Trade Cart |
| 21:55 | Create | Trade Cart |
| 21:55 | Create | Trade Cart |
| 21:55 | Create | Trade Cart |
| 21:55 | Create | Trade Cart |
| 21:56 | Create | Trade Cart |
| 21:56 | Create | Trade Cart |
| 22:13 | Create | Trade Cart |
| 22:26 | Build | Archery Range |
| 22:57 | Build | Stone Wall |
| 23:08 | Build | Stone Wall |
| 23:18 | Build | Building 673 |
| 24:07 | Build | Archery Range |
| 24:14 | Build | Archery Range |
| 24:21 | Build | Archery Range |
| 24:39 | Research | Castle Age |
| 25:25 | Build | Mining Camp |
| 25:39 | Create | Trade Cart |
| 25:40 | Create | Trade Cart |
| 25:41 | Create | Trade Cart |
| 26:14 | Build | Farm |
| 26:23 | Build | Farm |
| 26:51 | Create | Archer |
| 26:53 | Create | Archer |
| 26:54 | Create | Archer |
| 27:13 | Create | Archer |
| 27:19 | Age | Castle Age |
| 27:53 | Create | Villager (Male) |
| 27:53 | Create | Villager (Male) |
| 27:54 | Create | Villager (Male) |
| 28:30 | Create | Cavalry Archer |
| 28:32 | Create | Cavalry Archer |
| 28:34 | Create | Cavalry Archer |
| 28:38 | Create | Cavalry Archer |
| 28:47 | Build | House |
| 28:48 | Build | House |
| 28:50 | Build | House |
| 28:53 | Build | House |
| 29:34 | Build | Stable |
| 29:41 | Build | Stable |
| 29:46 | Build | Stable |
| 29:51 | Build | Stable |
| 30:09 | Build | House |
| 30:17 | Build | House |
| 30:19 | Build | House |
| 30:22 | Build | House |
| 30:28 | Create | Villager (Male) |
| 30:29 | Create | Villager (Male) |
| 30:29 | Create | Villager (Male) |
| 30:29 | Create | Villager (Male) |
| 30:41 | Research | Elite Skirmisher (upgrade) |
| 30:45 | Create | Skirmisher |
| 30:45 | Create | Skirmisher |
| 30:46 | Create | Skirmisher |
| 30:48 | Create | Skirmisher |
| 30:48 | Create | Skirmisher |
| 30:49 | Create | Skirmisher |
| 30:51 | Create | Skirmisher |
| 30:51 | Create | Skirmisher |
| 30:54 | Create | Skirmisher |
| 30:59 | Research | Husbandry |
| 31:29 | Research | Thumb Ring |
| 33:02 | Build | Monastery |
| 33:07 | Build | University |
| 33:15 | Create | Villager (Male) |
| 33:16 | Create | Villager (Male) |
| 33:19 | Create | Villager (Male) |
| 33:42 | Build | Castle |
| 33:57 | Create | Cavalry Archer |
| 34:00 | Create | Cavalry Archer |
| 34:02 | Create | Cavalry Archer |
Build order — anmichpap
First 150 of 587 actions detected
| 0:03 | Create | Villager (Male) |
| 0:04 | Create | Villager (Male) |
| 0:04 | Create | Villager (Male) |
| 0:04 | Create | Villager (Male) |
| 0:13 | Build | House |
| 0:14 | Build | House |
| 0:16 | Build | House |
| 1:26 | Research | Loom |
| 3:13 | Create | Villager (Male) |
| 3:13 | Create | Villager (Male) |
| 3:14 | Create | Villager (Male) |
| 4:01 | Create | Villager (Male) |
| 4:39 | Create | Villager (Male) |
| 5:12 | Build | Palisade Wall |
| 5:45 | Create | Villager (Male) |
| 5:46 | Create | Villager (Male) |
| 5:46 | Create | Villager (Male) |
| 6:25 | Build | Mill |
| 6:38 | Create | Villager (Male) |
| 6:38 | Create | Villager (Male) |
| 6:38 | Create | Villager (Male) |
| 6:57 | Create | Villager (Male) |
| 8:00 | Create | Villager (Male) |
| 8:00 | Create | Villager (Male) |
| 8:19 | Build | Lumber Camp |
| 9:12 | Create | Villager (Male) |
| 9:13 | Create | Villager (Male) |
| 9:13 | Create | Villager (Male) |
| 10:32 | Build | Palisade Gate |
| 10:39 | Build | Farm |
| 10:39 | Build | Farm |
| 10:39 | Build | Farm |
| 11:25 | Build | Palisade Wall |
| 11:34 | Build | Palisade Wall |
| 11:42 | Research | Feudal Age |
| 12:17 | Build | Mining Camp |
| 12:34 | Build | Mining Camp |
| 13:40 | Create | Villager (Male) |
| 13:40 | Create | Villager (Male) |
| 13:41 | Create | Villager (Male) |
| 13:41 | Create | Villager (Male) |
| 13:41 | Create | Villager (Male) |
| 13:42 | Create | Villager (Male) |
| 13:52 | Age | Feudal Age |
| 14:01 | Build | Mill |
| 14:13 | Build | House |
| 14:25 | Build | House |
| 15:14 | Build | Stone Wall |
| 15:24 | Research | Double-Bit Axe |
| 15:31 | Create | Villager (Male) |
| 15:41 | Build | Farm |
| 15:42 | Build | Farm |
| 15:44 | Build | Farm |
| 15:47 | Build | Farm |
| 16:15 | Build | Building 487 |
| 16:50 | Build | Market |
| 17:24 | Build | Lumber Camp |
| 17:39 | Build | Stone Wall |
| 18:38 | Build | Blacksmith |
| 18:56 | Create | Trade Cart |
| 19:32 | Build | Farm |
| 19:34 | Build | Farm |
| 19:53 | Build | Farm |
| 19:53 | Build | Farm |
| 19:53 | Build | Farm |
| 19:54 | Build | Farm |
| 19:56 | Build | Farm |
| 20:07 | Research | Castle Age |
| 20:44 | Build | Stone Wall |
| 20:52 | Research | Stone Mining |
| 21:06 | Research | Horse Collar |
| 21:17 | Build | Building 490 |
| 21:28 | Create | Trade Cart |
| 21:33 | Research | Scale Mail Armor |
| 21:57 | Build | House |
| 21:58 | Build | House |
| 21:59 | Build | House |
| 22:01 | Build | House |
| 22:04 | Build | House |
| 22:46 | Build | Stone Wall |
| 22:47 | Age | Castle Age |
| 23:00 | Create | Villager (Male) |
| 23:00 | Create | Villager (Male) |
| 23:00 | Create | Villager (Male) |
| 23:01 | Create | Villager (Male) |
| 23:01 | Create | Villager (Male) |
| 23:04 | Create | Villager (Male) |
| 23:36 | Build | Dock |
| 23:49 | Build | Town Center |
| 24:15 | Research | Wheelbarrow |
| 24:20 | Research | Gold Mining |
| 25:28 | Build | Castle |
| 25:35 | Research | Bow Saw |
| 25:47 | Research | Heavy Plow |
| 26:03 | Create | Villager (Male) |
| 26:31 | Build | Monastery |
| 26:46 | Create | Villager (Male) |
| 26:47 | Create | Villager (Male) |
| 26:47 | Create | Villager (Male) |
| 27:05 | Create | Trade Cart |
| 27:27 | Create | Villager (Male) |
| 27:27 | Create | Villager (Male) |
| 27:27 | Create | Villager (Male) |
| 27:58 | Build | Town Center |
| 28:08 | Create | Villager (Male) |
| 28:09 | Create | Villager (Male) |
| 28:09 | Create | Villager (Male) |
| 28:09 | Create | Villager (Male) |
| 28:27 | Create | Villager (Male) |
| 28:34 | Create | Villager (Male) |
| 28:55 | Build | Siege Workshop |
| 29:12 | Create | Fishing Ship |
| 29:14 | Create | Fishing Ship |
| 29:15 | Create | Fishing Ship |
| 29:23 | Create | Villager (Male) |
| 29:23 | Create | Villager (Male) |
| 29:23 | Create | Villager (Male) |
| 29:24 | Create | Villager (Male) |
| 29:24 | Create | Villager (Male) |
| 29:24 | Create | Villager (Male) |
| 29:44 | Create | Villager (Male) |
| 29:46 | Create | Villager (Male) |
| 30:05 | Create | Villager (Male) |
| 30:06 | Create | Villager (Male) |
| 30:17 | Build | Siege Workshop |
| 30:28 | Create | Monk |
| 30:28 | Create | Monk |
| 30:43 | Build | University |
| 31:12 | Create | Villager (Male) |
| 31:13 | Create | Villager (Male) |
| 31:13 | Create | Villager (Male) |
| 31:13 | Create | Villager (Male) |
| 31:14 | Create | Villager (Male) |
| 31:14 | Create | Villager (Male) |
| 31:26 | Build | Farm |
| 31:26 | Build | Farm |
| 31:27 | Build | Farm |
| 31:27 | Build | Farm |
| 31:28 | Build | Farm |
| 31:29 | Build | Farm |
| 31:43 | Build | Town Center |
| 32:07 | Build | Barracks |
| 32:13 | Research | Stone Shaft Mining |
| 32:24 | Create | Monk |
| 33:33 | Build | Barracks |
| 33:40 | Research | Tech 906 |
| 33:41 | Create | Fishing Ship |
| 33:41 | Create | Fishing Ship |
| 33:42 | Create | Fishing Ship |
| 33:42 | Create | Fishing Ship |
Build order — 瀚屿
First 150 of 389 actions detected
| 0:04 | Build | House |
| 0:05 | Build | House |
| 0:14 | Create | Villager (Male) |
| 0:14 | Create | Villager (Male) |
| 0:14 | Create | Villager (Male) |
| 0:14 | Create | Villager (Male) |
| 0:15 | Create | Villager (Male) |
| 1:43 | Create | Villager (Male) |
| 2:08 | Build | Palisade Wall |
| 2:17 | Create | Villager (Male) |
| 2:29 | Build | Mill |
| 3:02 | Create | Villager (Male) |
| 4:01 | Create | Villager (Male) |
| 4:01 | Create | Villager (Male) |
| 4:26 | Create | Villager (Male) |
| 4:49 | Build | Palisade Wall |
| 4:52 | Create | Villager (Male) |
| 4:55 | Build | House |
| 5:19 | Create | Villager (Male) |
| 6:23 | Create | Villager (Male) |
| 6:48 | Create | Villager (Male) |
| 7:13 | Create | Villager (Male) |
| 7:17 | Build | House |
| 7:38 | Create | Villager (Male) |
| 8:40 | Create | Villager (Male) |
| 8:45 | Build | House |
| 8:58 | Build | Lumber Camp |
| 9:06 | Create | Villager (Male) |
| 9:35 | Create | Villager (Male) |
| 9:44 | Research | Feudal Age |
| 11:01 | Build | Barracks |
| 11:04 | Create | Villager (Male) |
| 11:04 | Create | Villager (Male) |
| 11:38 | Build | Mining Camp |
| 12:10 | Age | Feudal Age |
| 12:20 | Create | Villager (Male) |
| 12:22 | Research | Double-Bit Axe |
| 12:54 | Research | Horse Collar |
| 13:06 | Create | Villager (Male) |
| 13:12 | Build | Farm |
| 13:31 | Build | Farm |
| 13:36 | Create | Villager (Male) |
| 13:56 | Build | House |
| 14:22 | Build | Dock |
| 14:31 | Create | Villager (Male) |
| 14:42 | Create | Villager (Male) |
| 14:51 | Build | Mining Camp |
| 14:59 | Create | Villager (Male) |
| 15:09 | Build | Farm |
| 15:16 | Create | Villager (Male) |
| 15:57 | Build | Farm |
| 15:58 | Create | Villager (Male) |
| 16:12 | Create | Villager (Male) |
| 16:20 | Build | Blacksmith |
| 16:29 | Create | Fishing Ship |
| 16:51 | Build | House |
| 16:58 | Build | Farm |
| 17:10 | Build | Market |
| 17:19 | Build | Farm |
| 17:21 | Build | Farm |
| 17:49 | Create | Villager (Male) |
| 18:15 | Create | Villager (Male) |
| 18:33 | Build | Farm |
| 18:41 | Create | Villager (Male) |
| 18:55 | Build | House |
| 19:10 | Create | Villager (Male) |
| 19:18 | Build | Farm |
| 19:20 | Create | Demolition Raft |
| 19:20 | Create | Demolition Raft |
| 19:20 | Create | Demolition Raft |
| 19:34 | Create | Fishing Ship |
| 19:35 | Create | Fishing Ship |
| 19:45 | Build | Archery Range |
| 19:49 | Research | Castle Age |
| 20:42 | Create | Villager (Male) |
| 20:44 | Create | Villager (Male) |
| 20:52 | Build | Stable |
| 21:42 | Build | House |
| 21:48 | Create | Villager (Male) |
| 22:01 | Research | Fletching |
| 22:29 | Age | Castle Age |
| 22:33 | Build | Town Center |
| 22:36 | Research | Bow Saw |
| 23:05 | Create | Villager (Male) |
| 23:09 | Build | Town Center |
| 23:29 | Research | Gold Mining |
| 23:30 | Research | Stone Mining |
| 23:34 | Create | Villager (Male) |
| 24:14 | Create | Villager (Male) |
| 24:17 | Build | Farm |
| 24:18 | Research | Heavy Plow |
| 24:34 | Create | Villager (Male) |
| 24:38 | Build | Farm |
| 25:02 | Create | Villager (Male) |
| 25:02 | Create | Villager (Male) |
| 25:03 | Create | Villager (Male) |
| 25:13 | Create | Demolition Raft |
| 25:17 | Create | Fishing Ship |
| 25:24 | Build | Farm |
| 25:34 | Build | Farm |
| 25:40 | Build | Farm |
| 25:43 | Build | Farm |
| 25:45 | Create | Villager (Male) |
| 25:46 | Create | Villager (Male) |
| 25:59 | Build | Farm |
| 26:11 | Build | Lumber Camp |
| 26:17 | Build | Farm |
| 26:22 | Build | Farm |
| 26:26 | Create | Villager (Male) |
| 26:26 | Create | Villager (Male) |
| 26:28 | Research | Wheelbarrow |
| 26:49 | Create | Villager (Male) |
| 26:49 | Create | Villager (Male) |
| 27:04 | Build | Castle |
| 27:18 | Create | Fishing Ship |
| 27:25 | Build | House |
| 27:25 | Build | House |
| 27:26 | Build | House |
| 27:34 | Build | Town Center |
| 27:42 | Create | Villager (Male) |
| 27:42 | Create | Villager (Male) |
| 28:07 | Build | Fish Trap |
| 28:27 | Create | Villager (Male) |
| 28:28 | Create | Villager (Male) |
| 28:30 | Research | Hand Cart |
| 28:37 | Research | Bodkin Arrow |
| 28:41 | Build | Fish Trap |
| 28:53 | Build | Fish Trap |
| 28:59 | Build | Fish Trap |
| 29:12 | Create | Villager (Male) |
| 29:13 | Create | Villager (Male) |
| 29:16 | Build | Fish Trap |
| 29:40 | Create | Villager (Male) |
| 29:41 | Create | Villager (Male) |
| 29:41 | Create | Villager (Male) |
| 29:41 | Create | Villager (Male) |
| 29:46 | Build | Farm |
| 29:54 | Create | Trade Cart |
| 29:55 | Create | Trade Cart |
| 30:23 | Build | Mining Camp |
| 30:37 | Build | Monastery |
| 30:42 | Create | Villager (Male) |
| 30:42 | Create | Villager (Male) |
| 30:42 | Create | Villager (Male) |
| 30:42 | Create | Villager (Male) |
| 30:49 | Research | Padded Archer Armor |
| 31:14 | Create | Villager (Male) |
| 31:14 | Create | Villager (Male) |
| 31:14 | Create | Villager (Male) |
| 31:14 | Create | Villager (Male) |
Match timeline
| 1:36 | cartofel22 · wall_segment Palisade Wall x12 |
| 2:08 | 瀚屿 · wall_segment Palisade Wall x10 |
| 2:19 | Happy New Year来自中国祝福 · wall_segment Palisade Wall x10 |
| 2:34 | Vili-Pekka · wall_segment Palisade Wall x6 |
| 4:16 | Vili-Pekka · wall_segment Palisade Wall x6 |
| 4:23 | Happy New Year来自中国祝福 · wall_segment Palisade Wall x1 |
| 4:49 | 瀚屿 · wall_segment Palisade Wall x14 |
| 5:12 | anmichpap · wall_segment Palisade Wall x12 |
| 5:14 | Vili-Pekka · wall_segment Palisade Wall x3 |
| 6:17 | МТЗ-80 · wall_segment Palisade Wall x8 |
| 7:35 | МТЗ-80 · first_building Dock |
| 10:15 | cartofel22 · first_building Barracks |
| 11:01 | 瀚屿 · first_building Barracks |
| 11:25 | anmichpap · wall_segment Palisade Wall x2 |
| 11:34 | anmichpap · wall_segment Palisade Wall x4 |
| 12:07 | cartofel22 · first_building Dock |
| 12:08 | Happy New Year来自中国祝福 · age_up feudal |
| 12:10 | 瀚屿 · age_up feudal |
| 12:49 | Happy New Year来自中国祝福 · first_building Barracks |
| 13:29 | cartofel22 · age_up feudal |
| 13:52 | anmichpap · age_up feudal |
| 14:09 | cartofel22 · wall_segment Stone Wall x20 |
| 14:12 | МТЗ-80 · age_up feudal |
| 14:15 | Happy New Year来自中国祝福 · first_building Archery Range |
| 14:22 | 瀚屿 · first_building Dock |
| 15:14 | anmichpap · wall_segment Stone Wall x3 |
| 15:19 | Happy New Year来自中国祝福 · first_building Stable |
| 15:56 | Vili-Pekka · age_up feudal |
| 17:39 | anmichpap · wall_segment Stone Wall x1 |
| 17:42 | Vili-Pekka · wall_segment Stone Wall x4 |
| 19:43 | Happy New Year来自中国祝福 · first_building Dock |
| 19:45 | 瀚屿 · first_building Archery Range |
| 19:49 | МТЗ-80 · first_building Barracks |
| 20:44 | anmichpap · wall_segment Stone Wall x2 |
| 20:47 | МТЗ-80 · first_building Stable |
| 20:52 | 瀚屿 · first_building Stable |
| 21:19 | Vili-Pekka · first_building Barracks |
| 22:26 | Vili-Pekka · first_building Archery Range |
| 22:29 | 瀚屿 · age_up castle |
| 22:32 | cartofel22 · age_up castle |
| 22:46 | anmichpap · wall_segment Stone Wall x2 |
| 22:47 | anmichpap · age_up castle |
| 22:57 | Vili-Pekka · wall_segment Stone Wall x3 |
| 23:08 | Vili-Pekka · wall_segment Stone Wall x4 |
| 23:25 | Happy New Year来自中国祝福 · age_up castle |
| 23:36 | anmichpap · first_building Dock |
| 24:16 | Happy New Year来自中国祝福 · first_building Monastery |
| 24:38 | МТЗ-80 · age_up castle |
| 24:40 | МТЗ-80 · first_building Monastery |
| 24:56 | Happy New Year来自中国祝福 · first_building Castle |
| 25:05 | anmichpap · first_market_sell 100 food |
| 25:08 | anmichpap · first_market_buy 100 wood |
| 25:28 | anmichpap · first_building Castle |
| 25:35 | cartofel22 · first_building Monastery |
| 25:37 | Happy New Year来自中国祝福 · first_building Siege Workshop |
| 26:31 | anmichpap · first_building Monastery |
| 26:45 | cartofel22 · first_building Castle |
| 26:50 | cartofel22 · first_building Siege Workshop |
| 26:56 | cartofel22 · first_building Archery Range |
| 27:04 | 瀚屿 · first_building Castle |
| 27:17 | МТЗ-80 · first_building Archery Range |
| 27:19 | Vili-Pekka · age_up castle |
| 28:48 | Happy New Year来自中国祝福 · wall_segment Stone Wall x14 |
| 28:55 | anmichpap · first_building Siege Workshop |
| 29:34 | Vili-Pekka · first_building Stable |
| 29:48 | cartofel22 · first_market_sell 100 wood |
| 30:37 | 瀚屿 · first_building Monastery |
| 30:43 | cartofel22 · first_building Stable |
| 32:07 | anmichpap · first_building Barracks |
| 32:10 | 瀚屿 · first_market_buy 100 food |
| 33:02 | Vili-Pekka · first_building Monastery |
| 33:04 | Happy New Year来自中国祝福 · age_up imperial |
| 33:24 | cartofel22 · age_up imperial |
| 33:42 | Vili-Pekka · first_building Castle |
| 33:59 | МТЗ-80 · first_building Castle |
| 35:21 | 瀚屿 · first_building Siege Workshop |
| 36:20 | 瀚屿 · age_up imperial |
| 36:50 | anmichpap · first_building Archery Range |
| 36:53 | cartofel22 · wall_segment Stone Wall x5 |
| 36:58 | cartofel22 · wall_segment Stone Wall x8 |
| 37:42 | МТЗ-80 · age_up imperial |
| 38:41 | Vili-Pekka · age_up imperial |
| 39:17 | МТЗ-80 · first_building Siege Workshop |
| 39:32 | 瀚屿 · first_market_sell 100 food |
| 43:32 | anmichpap · wall_segment Stone Wall x11 |
| 45:12 | Happy New Year来自中国祝福 · wall_segment Stone Wall x10 |
| 45:45 | МТЗ-80 · wall_segment Stone Wall x9 |
| 45:58 | cartofel22 · first_market_buy 100 stone |
| 46:15 | МТЗ-80 · wall_segment Stone Wall x1 |
| 47:03 | anmichpap · age_up imperial |
| 49:34 | Vili-Pekka · first_building Siege Workshop |
| 52:41 | cartofel22 · resign |
| 53:09 | anmichpap · first_building Stable |
[ AI ANALYSIS · 1 CREDIT ]
What really happened in this match?
Wolo.gg analyzes every decision: build order, eco, micro, common mistakes by bracket. Personalized analysis on WhatsApp or Discord in 30 seconds.
Civ guide
Wei
Map guide
Black Forest
Perfil
Jugador #24873673